 Dungeon Crawl Stone Soup version 0.27-b1-41-gafb5482f4b (webtiles) character file.

Game seed: 42739818268813019

7 Urokeeper the Sneak (level 1, -1/19 HPs)
             Began as a Troll Brigand on July 28, 2021.
             Slain by a gnoll (11 damage)
             ... on level 1 of the Dungeon.
             The game lasted 00:01:28 (278 turns).

Urokeeper the Sneak (Troll Brigand)                  Turns: 278, Time: 00:01:29

Health: -1/19      AC:  5    Str: 18    XL:     1   Next: 91%
Magic:  0/0        EV:  9    Int:  7    God:
Gold:   18         SH:  0    Dex: 11    Spells: 0/0 levels left

rFire    . . .     SeeInvis .   h - +0 short sword
rCold    . . .     Faith    .   (no shield)
rNeg     . . .     Spirit   .   b - +0 robe
rPois    .         Reflect  .   (helmet restricted)
rElec    .         Harm     .   c - +0 cloak
rCorr    .         Rampage  .   (gloves unavailable)
Will     .....                  (boots unavailable)
Stlth    ++........             (no amulet)
HPRegen  1.06/turn              (no ring)
MPRegen  0.07/turn              (no ring)

@: no status effects
A: large, unfitting armour, claws 3, regeneration 1, shaggy fur 1, tough skin 1
a: no special abilities


You were on level 1 of the Dungeon.
You visited 1 branch of the dungeon, and saw 1 of its levels.

You collected 18 gold pieces.

Inventory:

Hand Weapons
 a - a +2 dagger
 h - a +0 short sword (weapon)
Missiles
 d - 8 poisoned darts (quivered)
Armour
 b - a +0 robe (worn)
 c - a +0 cloak (worn)
Scrolls
 f - 2 scrolls of identify {unknown}
Potions
 g - a potion of curing {unknown}


   Skills:
 + Level 1.6 Fighting
 + Level 1.6 Short Blades
 + Level 1.9 Throwing
 + Level 0.7 Dodging
 + Level 2.3 Stealth


You couldn't memorise any spells.
You didn't know any spells.
Your spell library was empty.

Dungeon Overview and Level Annotations

Branches:
Dungeon (1/15)

Altars:


Innate Abilities, Weirdness & Mutations

You are too large for most types of armour.
You have claws for hands.
Your natural rate of healing is unusually fast.
You are covered in fur. (AC +1)
You have tough skin. (AC +1)


Message History

You hit the gnoll.
The gnoll is heavily wounded.
The gnoll closely misses you.
You hit the gnoll but do no damage.
The gnoll is heavily wounded.
The gnoll hits you with a +0 flail!
You are too injured to fight recklessly!
You are too injured to fight recklessly!
You are too injured to fight recklessly!
You are too injured to fight recklessly!
You are too injured to fight recklessly!
You are too injured to fight recklessly!
You are too injured to fight recklessly!
You are too injured to fight recklessly!
You are too injured to fight recklessly!
Throw: 2 darts (curare)
Press: ? - help, Q - select action, (/) - cycle Shift-Dir - straight line, f - gnoll
Aim: a gnoll, wielding a +0 flail (heavily wounded, 58% to hit)
You throw a curare-tipped dart.
The curare-tipped dart closely misses the gnoll.
The gnoll hits you with a +0 flail.
Throw: dart (curare)
Press: ? - help, Q - select action, (/) - cycle Shift-Dir - straight line, f/p - gnoll
Aim: a gnoll, wielding a +0 flail (heavily wounded, 58% to hit)
You throw a curare-tipped dart.
The curare-tipped dart barely misses the gnoll.
The gnoll hits you with a +0 flail.
You hit the gnoll but do no damage.
The gnoll is heavily wounded.
The gnoll hits you with a +0 flail.
* * * LOW HITPOINT WARNING * * *
The gnoll closely misses you.
You hit the gnoll but do no damage.
The gnoll is moderately wounded.
The gnoll hits you with a +0 flail.
You hit the gnoll but do no damage.
The gnoll is moderately wounded.
The gnoll hits you with a +0 flail!
Ouch! That really hurt!
You die...

#.....####.##### .
#.......##.....###. ###
#.......##.....##.. .(#
##...#####.....##.# #.#
#.#.#####.....##.#####.#
#.#>.......)..##.##....#
#.#########.####.##.##.# #.#
##..####.##.##.# #.#
##.PP.#@g.......# #.####
#.P..P..####.###### ### #....#
#P.P.♣P.# #.......# #..
######.###P._P♣P## #.......# #..
.............♣P.######.....####..
#####.#####.PP....# .....#.......
#.# ##...######.♣♣.#.####.. #.#
#...##...#.♣♣.#.####.# #.#
#...##.<.#....#....#..


You could see a gnoll.

Vanquished Creatures
  A giant cockroach (D:1)
  A goblin (D:1)
  A hobgoblin (D:1)
  A quokka (D:1)
  A frilled lizard (D:1)
  A kobold (D:1)
  A rat (D:1)
7 creatures vanquished.

Notes
Turn   | Place    | Note
-------+----------+-------------------------------------------
     0 | D:1      | Urokeeper the Troll Brigand began the quest for the Orb.
     0 | D:1      | Reached XP level 1. HP: 19/19 MP: 0/0
   133 | D:1      | Found a faded altar of an unknown god.
   278 | D:1      | Slain by a gnoll

Illustrated notes

Levels and vault maps discovered:
D:1:      amcnicky_arrival_single_pillar, layout_loops_cross,
          ebering_ecumenical_altar_petrified, chequers_mini_garden

Action                   || total
-------------------------++-------
Melee: Dagger            ||    26
       Short sword       ||     5
Throw: Dart              ||     2
 Stab: Sleeping          ||     1
Armor: Robe              ||     7
Dodge: Dodged            ||    15
